 Dungeon Crawl Stone Soup version 0.29-a0-643-ga013cefcf8 (webtiles) character file.

Game seed: 9690727518196395522

326 wingedge the Sneak (level 6, 0/47 HPs)
             Began as a Human Brigand on June 19, 2022.
             Slain by an adder (1 damage)
             ... on level 4 of the Dungeon.
             The game lasted 00:11:55 (2561 turns).

wingedge the Sneak (Human Brigand)                  Turns: 2561, Time: 00:11:56

Health: 0/47       AC:  6    Str: 12    XL:     6   Next: 78%
Magic:  6/6        EV: 14    Int: 11    God:
Gold:   156        SH:  0    Dex: 16    Spells: 5/5 levels left

rFire   . . .      SeeInvis .   a - +3 dagger (venom)
rCold   . . .      Faith    .   (no shield)
rNeg    . . .      Spirit   .   m - +0 ring mail
rPois   .          Reflect  .   (no helmet)
rElec   .          Harm     .   c - +0 cloak
rCorr   .          Rampage  .   (no gloves)
Will    .....                   (no boots)
Stlth   ++........              (no amulet)
HPRegen 0.15/turn               l - +4 ring of evasion
MPRegen 0.10/turn               (no ring)

@: no status effects
A: no striking features
a: no special abilities


You were on level 4 of the Dungeon.
You visited 1 branch of the dungeon, and saw 4 of its levels.

You collected 156 gold pieces.

Inventory:

Hand Weapons
 a - a +3 dagger of venom (weapon)
Missiles
 d - 6 poisoned darts (quivered)
Armour
 b - a +0 robe
 c - a +0 cloak (worn)
 m - a +0 ring mail (worn)
Jewellery
 l - a +4 ring of evasion (left hand)
Scrolls
 x - a scroll of vulnerability {unknown}
Potions
 f - a potion of mutation {unknown}
 o - a potion of flight
 s - a potion of berserk rage {unknown}
 u - a potion of heal wounds {unknown}


   Skills:
 + Level 3.6 Fighting
 * Level 4.3 Short Blades
 + Level 3.5 Throwing
 - Level 1.0 Dodging
 + Level 4.8 Stealth


You had 5 spell levels left.
You didn't know any spells.
Your spell library contained the following spells:

 Spells                   Type           Power      Damage    Failure   Level
 Beastly Appendage        Tmut           0%         N/A       63%         1
 Wereblood                Tmut           0%         N/A       77%         2
 Call Canine Familiar     Summ           0%         N/A       94%         3
 Portal Projectile        Hex/Tloc       0%         N/A       94%         3
 Spider Form              Tmut/Pois      0%         N/A       94%         3
 Leda's Liquefaction      Hex/Erth       0%         N/A       100%        4


Dungeon Overview and Level Annotations

Branches:
Dungeon (4/15)
 Temple: D:4-7

Altars:

Annotations:
D:4 2 transporters, Dowan, Duvessa


Message History

The adder barely misses you.
The endoplasm hits you but does no damage.
The endoplasm misses you.
It was a potion of flight.
You feel very buoyant.
You fly up into the air.
You feel sick. The adder closely misses you. The orc hits you with a +0 mace.
* * * LOW HITPOINT WARNING * * *
The endoplasm closely misses you. The endoplasm misses you.
The adder completely misses you.
Okay, then.
It was a potion of brilliance.
You feel clever all of a sudden.
You feel sick. The orc barely misses you. The endoplasm misses you.
Duvessa hits you with a +0 short sword.
* * * LOW HITPOINT WARNING * * *
The endoplasm hits you but does no damage.
The endoplasm closely misses you. The adder bites you.
* * * LOW HITPOINT WARNING * * *
It was a potion of lignification.
You turn into a tree.
Your +0 cloak melds into your body.
Your +0 ring mail melds into your body.
Your roots penetrate the ground.
You feel strangely stable.
You feel sick.
You are no longer poisoned.
The orc hits you but does no damage.
The endoplasm hits you but does no damage.
The adder bites you but does no damage. Duvessa hits you but does no damage.
The endoplasm hits you but does no damage.
The endoplasm freezes you.
You are frozen.
* * * LOW HITPOINT WARNING * * *
It was a potion of cancellation.
Your magical effects are unravelling.
You feel magically purged.
You feel less wooden.
Your +0 cloak unmelds from your body.
Your +0 ring mail unmelds from your body.
You feel a little less clever now.
A ball python comes into view.
The adder bites you.
You die...

###. ......... ..#.
........
.....#..$...
S...#....>
##....... # ##
#.....w.##.## ##.
#...JSee...#.
#..### ##@.......
##....# ##JJo......
#.....###..Y.....##
#....##........##
##........#....#.
#........##...©#.
#....##...##...##.#
#.... #...##..## ##
#.......#.....## .
#


You could see Duvessa, a sky beast, Dowan, an adder, a dart slug, an orc, 3
endoplasms and a ball python (wandering).

Vanquished Creatures
  Sigmund (D:2)
  An orc priest (D:2)
  4 gnolls
  2 adders (D:2)
  A worm (D:3)
  5 dart slugs
  5 orcs
  8 ball pythons
  4 bats
  8 endoplasms
  A giant cockroach (D:1)
  4 goblins
  8 hobgoblins
  5 kobolds
  3 quokkas
  2 frilled lizards
  2 rats (D:2)
64 creatures vanquished.

Notes
Turn   | Place    | Note
-------+----------+-------------------------------------------
     0 | D:1      | wingedge the Human Brigand began the quest for the Orb.
     0 | D:1      | Reached XP level 1. HP: 16/16 MP: 1/1
    33 | D:1      | Reached XP level 2. HP: 22/22 MP: 2/2
   157 | D:1      | Reached XP level 3. HP: 28/28 MP: 3/3
   701 | D:1      | Found a faded altar of an unknown god.
   726 | D:1      | Reached XP level 4. HP: 34/34 MP: 4/4
  1118 | D:2      | Noticed Sigmund
  1137 | D:2      | Killed Sigmund
  1138 | D:2      | Reached XP level 5. HP: 41/41 MP: 5/5
  1138 | D:2      | Reached XP level 6. HP: 47/47 MP: 6/6
  2491 | D:4      | Found a transporter.
  2498 | D:4      | Noticed a sky beast
  2533 | D:4      | Noticed a small abomination
  2537 | D:4      | Found a transporter.
  2549 | D:4      | Noticed Duvessa
  2552 | D:4      | Noticed Dowan
  2560 | D:4      | HP: 2/70 [frozen (4)]
  2561 | D:4      | Slain by an adder

Illustrated notes

Levels and vault maps discovered:
D:1:      dpeg_arrival_shelter, layout_basic, shapermc_ecumenical_altar_venn
D:2:      layout_loops_ring, serial_forest, infiniplex_forest_straight_4,
          infiniplex_forest_straight_3, infiniplex_forest_lined_1,
          infiniplex_forest_straight_2, uniq_crazy_yiuf_cottage, uniq_sigmund
D:3:      layout_basic, cheibrodos_gnoll_hut
D:4:      minmay_evil_eye, layout_cave_pools, gammafunk_ghost_abyssal_escape,
          uniq_duvessa

Skill      XL: |  1  2  3  4  5  6 |
---------------+-------------------+-----
Fighting       | 3 |  3.6
Short Blades   | 3 4 |  4.3
Throwing       | 3 |  3.5
Dodging        | |  1.0
Stealth        | |  4.8

Action                   |  1- 3 |  4- 6 || total
-------------------------+-------+-------++-------
Melee: Dagger            |    65 |   114 ||   179
       Punch             |     1 |     2 ||     3
Throw: Dart              |    28 |    12 ||    40
       Javelin           |       |    20 ||    20
  Use: Scroll            |       |     7 ||     7
       Potion            |       |     6 ||     6
 Stab: Sleeping          |     2 |     3 ||     5
Armor: Robe              |     9 |       ||     9
       Ring mail         |     7 |    24 ||    31
       Skin              |       |     5 ||     5
Dodge: Dodged            |    38 |    95 ||   133

Table legend: (Time is in decaauts)
 A = Elapsed time spent in this place.
 B = Non-inter-level travel time spent in this place.
 C = Inter-level travel time spent in this place.
 D = Time resting spent in this place.
 E = Time spent auto-exploring this place.
 F = Levels seen in this place.
 G = Mean time per level.
                   A        B        C        D        E       F      G
               +--------+--------+--------+--------+--------+-----+--------+
         Total |   2532 |   2419 |    113 |    334 |   1246 |   4 |  633.0 |
       Dungeon |   2532 |   2419 |    113 |    334 |   1246 |   4 |  633.0 |
               +--------+--------+--------+--------+--------+-----+--------+

Top non-repeatable levels by time:
     D:2: 1017 daAuts
     D:1: 988 daAuts
     D:3: 455 daAuts
     D:4: 70 daAuts
